 Dungeon Crawl Stone Soup version 0.29.1-13-g9f3cf754e1 (webtiles) character file.

Game seed: 17614814261662646484

933 0gre the Chiller (level 8, 0/58 HPs)
             Began as a Gnoll Ice Elementalist on Jan 21, 2023.
             Was an Initiate of Gozag.
             Slain by a two-headed ogre
             ... wielding a +0 giant spiked club
              (31 damage)
             ... on level 6 of the Dungeon.
             The game lasted 00:20:50 (5595 turns).

0gre the Chiller (Gnoll Ice Elementalist)           Turns: 5595, Time: 00:20:52

Health: 0/58       AC: 10    Str:  7    XL:     8   Next: 11%
Magic:  23/25      EV: 14    Int: 17    God:    Gozag
Gold:   164        SH:  0    Dex: 13    Spells: 14/18 levels left

rFire   . . .      SeeInvis .   a - +0 great sword
rCold   . . .      Faith    .   (shield currently unavailable)
rNeg    . . .      Spirit   .   f - +0 robe
rPois   .          Reflect  .   s - +0 helmet
rElec   .          Harm     .   q - +0 cloak
rCorr   .          Rampage  .   (no gloves)
Will    .....                   g - +1 pair of boots
Stlth   +++.......              (no amulet)
HPRegen 0.19/turn               d - ring of magical power
MPRegen 0.19/turn               e - +4 ring of protection

@: freezing walls
A: fangs 1, strong nose, distributed training
a: Renounce Religion, Potion Petition, Call Merchant, Bribe Branch


You were on level 6 of the Dungeon.
You worshipped Gozag.
Gozag was aware of your devotion.
You visited 2 branches of the dungeon, and saw 7 of its levels.

You collected 379 gold pieces.
You spent 169 gold pieces at shops.
You paid 46 gold pieces to Gozag.

Inventory:

Hand Weapons
 a - a +0 great sword (weapon)
 b - a +0 shortbow
 c - a +0 spear
Missiles
 j - 4 atropa-tipped darts
 m - 2 curare-tipped darts (quivered)
 t - 13 poisoned darts
 x - 2 throwing nets
Armour
 f - a +0 robe (worn)
 g - a +1 pair of boots (worn)
 q - a +0 cloak (worn)
 s - a +0 helmet (worn)
Jewellery
 d - a ring of magical power (left hand)
 e - a +4 ring of protection (right hand)
Wands
 r - a wand of digging (8)
 u - a wand of flame (6)
Scrolls
 i - a scroll of fear
 l - 2 scrolls of teleportation
 z - a scroll of amnesia {unknown}
 A - a scroll of acquirement {unknown}
Potions
 h - 2 potions of mutation
 k - a potion of haste
 n - a potion of cancellation {unknown}
 o - 3 potions of lignification
 p - a potion of flight {unknown}
 v - 2 potions of degeneration {unknown}
 w - 3 potions of attraction {unknown}
 y - a potion of magic


   Skills:
 + Level 3.1 Fighting
 + Level 3.1 Short Blades
 + Level 3.1 Long Blades
 + Level 3.1 Axes
 + Level 3.1 Maces & Flails
 + Level 3.1 Polearms
 + Level 3.1 Staves
 + Level 3.1 Ranged Weapons
 + Level 3.1 Throwing
 + Level 3.1 Armour
 + Level 5.6 Dodging
 + Level 5.2 Stealth
 + Level 3.1 Shields
 + Level 3.1 Unarmed Combat
 + Level 5.9 Spellcasting
 + Level 2.5 Conjurations
 + Level 2.5 Hexes
 + Level 2.5 Summonings
 + Level 2.5 Necromancy
 + Level 2.5 Translocations
 + Level 2.5 Transmutations
 + Level 2.5 Fire Magic
 + Level 7.6 Ice Magic
 + Level 2.5 Air Magic
 + Level 2.5 Earth Magic
 + Level 2.5 Poison Magic
 + Level 3.4 Invocations
 + Level 3.1 Evocations


You had 14 spell levels left.
You knew the following spells:

 Your Spells              Type           Power      Damage    Failure   Level
a - Freeze                Ice            100%       1d11      1%          1
b - Frozen Ramparts       Ice            60%        1d10      1%          3

Your spell library contained the following spells:

 Spells                   Type           Power      Damage    Failure   Level
 Ozocubu's Armour         Ice            30%        N/A       1%          3
 Ensorcelled Hibernation  Hex/Ice        44%        N/A       2%          2
 Necrotise                Necr           52%        1d6       4%          1
 Passwall                 Tmut/Erth      10%        N/A       7%          2
 Call Canine Familiar     Summ           13%        N/A       14%         3
 Portal Projectile        Hex/Tloc       26%        N/A       14%         3
 Swiftness                Air            13%        N/A       14%         3
 Vampiric Draining        Necr           13%        2d6       14%         3
 Hailstorm                Conj/Ice       22%        3d7       16%         4
 Leda's Liquefaction      Hex/Erth       6%         N/A       41%         4
 Agony                    Necr           13%        N/A       77%         5


Dungeon Overview and Level Annotations

Branches:
Dungeon (6/15)             Temple (1/1) D:4

Altars:
Ashenzari
Cheibriados
Dithmenos
Elyvilon
Fedhas
Gozag
Kikubaaqudgha
Makhleb
Okawaru
Qazlal
Ru
Sif Muna
Trog
Uskayaw
Vehumet
Wu Jian
Yredelemnul
Zin
The Shining One

Shops:
D:5 (


Innate Abilities, Weirdness & Mutations

You have very sharp teeth.
Your uncanny sense of smell can sniff out nearby items.
Your experience applies equally to all skills.


Message History

A two-headed ogre comes into view.
It is wielding a +0 giant spiked club and a +0 giant club.
Fire: b) +0 shortbow
Press: ? - help, Q - select action, (/) - cycle Shift-Dir - straight line, f - two-headed ogre
Aim: a two-headed ogre, wielding a +0 giant spiked club and a +0 giant club (asleep, 98% to hit)
You shoot an arrow. The arrow hits the two-headed ogre!
The two-headed ogre is lightly wounded.
Fire: b) +0 shortbow
Press: ? - help, Q - select action, (/) - cycle Shift-Dir - straight line, f/p - two-headed ogre
Aim: a two-headed ogre, wielding a +0 giant spiked club and a +0 giant club (lightly wounded, 74% to hit)
You shoot an arrow.
The arrow barely misses the two-headed ogre.
Casting: Frozen Ramparts (safe; 1% risk of failure)
Confirm with . or Enter, or press ? or * to list all spells.
Casting: Frozen Ramparts (safe; 1% risk of failure)
Press: ? - help, Dir - look around, f - activate The walls around you are covered in ice.
Fire: b) +0 shortbow
Press: ? - help, Q - select action, (/) - cycle Shift-Dir - straight line, f - two-headed ogre
Aim: a two-headed ogre, wielding a +0 giant spiked club and a +0 giant club (lightly wounded, 74% to hit)
You shoot an arrow.
The arrow hits the two-headed ogre but does no damage.
The two-headed ogre is lightly wounded.
The wall freezes the two-headed ogre.
Fire: b) +0 shortbow
Press: ? - help, Q - select action, (/) - cycle Shift-Dir - straight line, f/p - two-headed ogre
Aim: a two-headed ogre, wielding a +0 giant spiked club and a +0 giant club (lightly wounded, 74% to hit)
You shoot an arrow. The arrow hits the two-headed ogre.
The two-headed ogre is moderately wounded.
The wall freezes the two-headed ogre. x2
The two-headed ogre hits you with a +0 giant spiked club!
The two-headed ogre barely misses you.
a - a +0 great sword (weapon)
You slash the two-headed ogre!
The two-headed ogre is severely wounded.
The wall freezes the two-headed ogre.
The two-headed ogre hits you with a +0 giant spiked club!
The two-headed ogre hits you with a +0 giant club!!
Ouch! That really hurt!
You die...
Your body crumbles into a pile of gold.

..... ... ... ...
∆ #.######.
#........
#O....##.
#####@.......
####............
#.......:.......
##............##.
#......######....
#......# ....
#...#'## ...
#..)#..+ ##
#...####


You could see a two-headed ogre.

Vanquished Creatures
  2 black bears
  2 ogres
  A centaur (D:5)
  A scorpion (D:2)
  A jelly (D:4)
  A hound (D:4)
  Crazy Yiuf (D:5)
  An orc wizard (D:5)
  3 iguanas
  Robin (D:3)
  10 adders
  3 gnolls (D:5)
  A shadow imp (D:5)
  A white imp (D:5)
  3 ufetubi
  5 worms
  2 dart slugs (D:2)
  7 orcs
  5 endoplasms
  A giant cockroach (D:4)
  10 hobgoblins
  2 jackals (D:1)
  A quokka (D:2)
  6 ball pythons
  3 bats
  2 frilled lizards
  6 goblins
  6 kobolds
  6 rats
94 creatures vanquished.

Vanquished Creatures (others)
  A human (D:3)
1 creature vanquished.

Grand Total: 95 creatures vanquished

Notes
Turn   | Place    | Note
-------+----------+-------------------------------------------
     0 | D:1      | 0gre the Gnoll Ice Elementalist began the quest for the
                  | Orb.
     0 | D:1      | Reached XP level 1. HP: 13/13 MP: 6/6
   605 | D:1      | Reached XP level 2. HP: 2/19 MP: 3/7
  1160 | D:2      | Reached skill level 5 in Spellcasting
  1160 | D:2      | Reached XP level 3. HP: 23/25 MP: 5/9
  1166 | D:2      | Learned a level 3 spell: Frozen Ramparts
  1216 | D:2      | Reached skill level 1 in Invocations
  1598 | D:2      | Reached skill level 1 in Fighting
  1598 | D:2      | Reached skill level 1 in Short Blades
  1598 | D:2      | Reached skill level 1 in Long Blades
  1598 | D:2      | Reached skill level 1 in Axes
  1598 | D:2      | Reached skill level 1 in Maces & Flails
  1598 | D:2      | Reached skill level 1 in Polearms
  1598 | D:2      | Reached skill level 1 in Staves
  1598 | D:2      | Reached skill level 1 in Ranged Weapons
  1598 | D:2      | Reached skill level 1 in Throwing
  1598 | D:2      | Reached skill level 1 in Armour
  1598 | D:2      | Reached skill level 1 in Shields
  1598 | D:2      | Reached skill level 1 in Unarmed Combat
  1598 | D:2      | Reached skill level 1 in Evocations
  1669 | D:2      | Reached XP level 4. HP: 29/32 MP: 11/11
  1780 | D:2      | Noticed a scorpion
  1786 | D:2      | Killed a scorpion
  1787 | D:2      | Reached skill level 1 in Conjurations
  1787 | D:2      | Reached skill level 1 in Hexes
  1787 | D:2      | Reached skill level 1 in Summonings
  1787 | D:2      | Reached skill level 1 in Necromancy
  1787 | D:2      | Reached skill level 1 in Translocations
  1787 | D:2      | Reached skill level 1 in Transmutations
  1787 | D:2      | Reached skill level 1 in Fire Magic
  1787 | D:2      | Reached skill level 1 in Air Magic
  1787 | D:2      | Reached skill level 1 in Earth Magic
  1787 | D:2      | Reached skill level 1 in Poison Magic
  1787 | D:2      | Reached XP level 5. HP: 18/37 MP: 12/12
  2627 | D:3      | Found an ancient bone altar of Kikubaaqudgha.
  2628 | D:3      | Noticed a human
  2630 | D:3      | Killed a human
  3140 | D:3      | Noticed Robin
  3145 | D:3      | Killed Robin
  3340 | D:4      | Reached XP level 6. HP: 36/44 MP: 13/13
  3419 | D:4      | Reached skill level 5 in Dodging
  3453 | D:4      | Found a staircase to the Ecumenical Temple.
  3468 | Temple   | Entered the Ecumenical Temple
  3609 | Temple   | Became a worshipper of Gozag Ym Sagoz the Greedy
  3923 | D:4      | Noticed a black bear
  3927 | D:4      | Killed a black bear
  4072 | D:5      | Entered Level 5 of the Dungeon
  4087 | D:5      | Reached XP level 7. HP: 50/50 MP: 15/15
  4100 | D:5      | Found Moero's Antique Weapon Emporium.
  4111 | D:5      | Bought a great sword for 169 gold pieces
  4608 | D:5      | Reached skill level 5 in Stealth
  4742 | D:5      | Found a runed translucent door.
  4743 | D:5      | Noticed Crazy Yiuf
  4749 | D:5      | Killed Crazy Yiuf
  5285 | D:5      | Reached XP level 8. HP: 58/58 MP: 16/16
  5588 | D:6      | Noticed a two-headed ogre
  5595 | D:6      | Slain by a two-headed ogre

Illustrated notes

Levels and vault maps discovered:
D:1:      amcnicky_arrival_double_pillar, layout_rooms, hex_medium,
          minmay_hexomino_f4
D:2:      layout_loops_corners
D:3:      layout_rooms, tgw_kikubaaqudgha, palyth_stone_intersect, uniq_robin
D:4:      layout_basic, temple_hall
D:5:      layout_layer_cave, serial_shops, nicolae_shop_advertising_works
          [nicolae_subvault_shop_adworks], uniq_crazy_yiuf_cottage
D:6:      layout_basic, general_overflow_altar, mainiacjoe_overflow_alcove_2,
          st_stairs_1, reono_crystal_passage, grunt_ministairs_10,
          minmay_misc_feat_doors
Temple:   compressed_dpeg_circular_temple

Skill      XL: |  1  2  3  4  5  6  7 |
---------------+----------------------+-----
Spellcasting   | 5 |  5.9
Invocations    | 1 2 3 |  3.4
Fighting       | 1 2 3 |  3.1
Short Blades   | 1 2 3 |  3.1
Long Blades    | 1 2 3 |  3.1
Axes           | 1 2 3 |  3.1
Maces & Flails | 1 2 3 |  3.1
Polearms       | 1 2 3 |  3.1
Staves         | 1 2 3 |  3.1
Ranged Weapons | 1 2 3 |  3.1
Throwing       | 1 2 3 |  3.1
Armour         | 1 2 3 |  3.1
Shields        | 1 2 3 |  3.1
Unarmed Combat | 1 2 3 |  3.1
Evocations     | 1 2 3 |  3.1
Conjurations   | 1 2 |  2.5
Hexes          | 1 2 |  2.5
Summonings     | 1 2 |  2.5
Necromancy     | 1 2 |  2.5
Translocations | 1 2 |  2.5
Transmutations | 1 2 |  2.5
Fire Magic     | 1 2 |  2.5
Air Magic      | 1 2 |  2.5
Earth Magic    | 1 2 |  2.5
Poison Magic   | 1 2 |  2.5
Dodging        | 5 |  5.6
Stealth        | 5 |  5.2
Ice Magic      | |  7.6

Action                   |  1- 3 |  4- 6 |  7- 9 || total
-------------------------+-------+-------+-------++-------
Melee: Hand axe          |    44 |    46 |       ||    90
       Bite              |     2 |     6 |     2 ||    10
       Falchion          |       |    27 |       ||    27
       Flail             |       |    14 |       ||    14
       Great sword       |       |       |    28 ||    28
 Fire: Shortbow          |       |       |    10 ||    10
Throw: Dart              |       |     3 |     5 ||     8
 Cast: Freeze            |    12 |     4 |       ||    16
       Frozen Ramparts   |     3 |    14 |     9 ||    26
  Use: Scroll            |       |     2 |     8 ||    10
 Stab: Sleeping          |     5 |     5 |       ||    10
       Distracted        |       |     1 |       ||     1
Armor: Robe              |     3 |    27 |    13 ||    43
Dodge: Dodged            |    42 |    71 |    31 ||   144
